Map: Efflorescence LE

Players

Nigrnog - Winner!

  • Race: Zerg Zerg
  • League: Gold
  • Spawn Location: 12:00

MooEsqoo - Winner!

  • Race: Protoss Protoss
  • Spawn Location: 3:00

BoÔn

  • Race: Terran Terran
  • League: Gold
  • Spawn Location: 6:00

ColBurton

  • Race: Zerg Zerg
  • Spawn Location: 9:00

VOD

Have the link to the VOD?

Description

Time

  • Played on: Jan. 3, 2020, 2:14 p.m.
  • Length: 16:33
Show
View Real Time Build Order
Export as new Build Order

Nigrnog Zerg - Winner!

Build Orders: Pool First, Brood Lord Corruptor 

Get SALT Encoding   

  12  0:02  Drone  
  13  0:08  Drone  
  14  0:30  Overlord x2  
  14  0:46  Spawning Pool  
  14  0:47  Drone  
  14  0:51  Extractor  
  14  0:54  Drone  
  14  1:04  Drone x2  
  14  1:08  Extractor  
  15  1:23  Drone  
  16  1:33  Drone  
  16  1:34  Queen  
  19  1:41  Drone  
  20  1:48  Drone  
  20  1:50  Metabolic Boost  
  21  2:05  Zergling x2  
  22  2:13  Zergling x2  
  22  2:14  Lair  
  23  2:18  Drone  
  24  2:38  Hatchery  
  23  2:47  Zergling x2  
  23  2:48  Zergling x6  
  23  2:50  Zergling x2  
  28  2:57  Drone  
  29  3:06  Baneling Nest  
  28  3:36  Hatchery  
  24  3:54  Drone x2  
  24  3:55  Drone x3  
  26  4:14  Zergling x8  
  29  4:21  Zergling x2  
  30  4:28  Queen  
  30  4:31  Zergling x4  
  34  4:39  Zergling x2  
  34  4:42  Zergling x2  
  36  4:47  Overlord  
  36  4:53  Spire  
  28  5:26  Drone x2  
  28  5:27  Drone  
  31  5:28  Zergling x2  
  31  5:29  Zergling x12  
  31  5:32  Centrifical Hooks  
  38  5:47  Queen  
  40  5:50  Baneling x7  
  40  5:51  Baneling  
  40  6:02  Drone x2  
  40  6:03  Drone x6  
  48  6:12  Overlord x2  
  48  6:23  Drone x2  
  48  6:25  Overlord  
  50  6:27  Overlord  
  50  6:34  Extractor  
  50  6:37  Extractor  
  48  6:44  Baneling x2  
  48  6:45  Baneling x8  
  48  6:51  Drone x4  
  52  7:12  Hatchery  
  51  7:27  Zergling x6  
  51  7:28  Zergling x12  
  60  7:32  Extractor  
  60  7:35  Extractor  
  60  7:37  Corruptor  
  58  7:42  Infestation Pit  
  59  7:49  Drone x3  
  59  7:50  Drone  
  63  7:55  Overlord  
  63  7:58  Drone  
  64  8:24  Corruptor x4  
  72  8:31  Drone x3  
  72  8:47  Corruptor x3  
  78  8:56  Hive  
  78  9:06  Drone x2  
  78  9:07  Drone x3  
  83  9:11  Queen  
  85  9:18  Drone x2  
  85  9:22  Overlord  
  87  9:27  Overlord x2  
  87  9:45  Overlord x3  
  87  9:49  Drone x5  
  73  10:12  Drone x4  
  73  10:13  Drone x6  
  73  10:14  Drone x3  
  86  10:16  Corruptor  
  88  10:26  Drone x6  
  94  10:31  Drone x2  
  96  10:36  Drone, Extractor  
  96  10:37  Drone x3  
  99  10:52  Hatchery  
  99  10:54  Corruptor  
  99  10:56  Corruptor  
  102  11:00  Overlord  
  102  11:05  Queen  
  104  11:16  Greater Spire  
  104  11:20  Spire  
  103  11:26  Drone x8  
  111  11:38  Extractor, Corruptor x2  
  111  11:39  Corruptor x2  
  119  11:40  Zergling x4  
  120  11:58  Corruptor  
  120  11:59  Corruptor x3  
  128  12:08  Overlord  
  128  12:09  Overlord x4  
  128  12:14  Baneling x2  
  128  12:15  Baneling x2  
  128  12:18  Overlord  
  128  12:19  Overlord x2  
  128  12:23  Drone x2  
  128  12:25  Overlord  
  130  12:39  Hatchery  
  130  12:41  Corruptor  
  131  12:51  Hatchery, Drone  
  130  12:52  Drone x2  
  133  12:58  Hatchery  
  118  13:29  Brood Lord x9  
  118  13:30  Brood Lord x6  
  118  13:31  Corruptor x2  
  118  13:33  Corruptor  
  148  13:37  Corruptor  
  148  13:39  Zergling x2  
  148  13:40  Zergling x2  
  146  13:56  Corruptor x3  
  146  14:02  Queen  
  154  14:04  Queen  
  142  14:31  Corruptor x5  
  150  14:39  Corruptor  
  150  14:40  Queen  
  154  14:58  Corruptor  
  154  14:59  Corruptor  
  154  15:13  Brood Lord  
  156  15:27  Corruptor x2  
  160  15:29  Zergling x8  
  160  15:30  Zergling x16  
  160  15:31  Zergling x18  
  160  15:32  Zergling x2  
  162  15:57  Corruptor  
  162  15:58  Corruptor x2  
Show
View Real Time Build Order
Export as new Build Order

MooEsqoo Protoss - Winner!

Build Orders: 1 Gate Expand, Oracle Opening 

Get SALT Encoding   

  12  0:02  Probe  
  13  0:15  Pylon  
  13  0:19  Probe  
  14  0:35  Probe  
  15  0:39  Gateway  
  15  0:47  Probe  
  16  0:51  Assimilator  
  16  1:05  Probe  
  17  1:19  Probe  
  18  1:38  Nexus  
  18  1:48  Assimilator  
  18  2:01  Cybernetics Core  
  18  2:04  Pylon  
  18  2:14  Probe (Chrono Boost)  
  19  2:24  Probe (Chrono Boost)  
  19  2:29  Probe (Chrono Boost)  
  20  2:34  Stalker (Chrono Boost)  
  23  2:38  Warp Gate  
  24  2:48  Stargate  
  23  2:52  Probe x2  
  25  3:08  Shield Battery  
  25  3:09  Sentry (Chrono Boost)  
  27  3:25  Gateway  
  27  3:36  Oracle (Chrono Boost)  
  31  3:48  Probe x2  
  32  3:56  Stalker  
  32  4:00  Probe x2  
  36  4:04  Assimilator  
  36  4:09  Assimilator, Pylon  
  36  4:14  Oracle  
  39  4:26  Probe x2  
  41  4:38  Probe x2  
  43  4:48  Stalker x2  
  47  5:25  Forge  
  47  5:28  Twilight Council  
  47  5:29  Gateway  
  47  5:32  Gateway  
  47  5:33  Probe x2  
  49  5:35  Pylon  
  49  5:37  Pylon  
  49  5:38  Pylon  
  49  5:40  Pylon  
  49  5:45  Probe  
  49  5:46  Sentry x2  
  54  5:54  Pylon  
  55  5:57  Probe x2  
  55  5:59  Charge  
  55  6:02  Pylon  
  56  6:08  Protoss Ground Weapons Level 1 (Chrono Boost)  
  56  6:09  Probe x2  
  58  6:11  Void Ray  
  62  6:24  Probe x2  
  64  6:31  Shield Battery  
  64  6:34  Shield Battery  
  64  6:36  Probe  
  64  6:37  Probe  
  66  6:59  Nexus  
  66  7:03  Probe x2  
  66  7:06  Stalker  
  66  7:07  Sentry  
  72  7:15  Probe x2  
  74  7:24  Templar Archives  
  74  7:27  Probe x2  
  76  7:35  Assimilator  
  76  7:39  Assimilator, Stalker x2  
  76  7:40  Stalker  
  76  7:41  Stalker  
  84  7:47  Void Ray  
  88  7:51  Probe x2  
  88  7:52  Protoss Ground Weapons Level 2 (Chrono Boost)  
  90  8:04  High Templar  
  90  8:05  High Templar  
  94  8:08  Zealot  
  94  8:09  Archon  
  94  8:10  Zealot  
  98  8:13  Probe x3  
  101  8:25  Probe x3  
  104  8:37  Probe x3  
  107  8:42  Robotics Facility  
  107  8:44  Pylon  
  107  8:46  Pylon  
  107  8:49  Pylon  
  107  8:55  Gateway  
  107  8:56  Gateway  
  107  8:59  Gateway  
  107  9:07  Probe x3  
  107  9:09  High Templar x2  
  114  9:10  High Templar x2  
  114  9:13  Archon  
  114  9:14  Archon  
  118  9:19  Probe x3  
  121  9:24  Pylon  
  121  9:46  Gateway  
  121  9:48  Gateway  
  121  9:51  High Templar x2  
  121  9:52  Gateway, High Templar x2  
  129  9:54  Gateway  
  129  9:55  Archon  
  129  9:56  Archon  
  129  9:59  Pylon  
  129  10:00  Pylon  
  129  10:03  Pylon  
  129  10:05  Pylon  
  129  10:06  Pylon  
  129  10:19  High Templar  
  129  10:20  High Templar  
  133  10:29  Photon Cannon  
  133  10:32  Photon Cannon  
  133  10:34  Photon Cannon  
  133  10:36  Pylon  
  133  10:39  Pylon  
  133  10:41  Pylon  
  133  10:43  High Templar x2, Pylon  
  133  10:44  High Templar x2  
  133  10:46  Zealot x3  
  133  10:47  Archon  
  133  10:48  Archon x2  
  147  10:57  Photon Cannon  
  147  10:59  Photon Cannon  
  147  11:02  Photon Cannon  
  147  11:05  Shield Battery  
  147  11:10  Shield Battery  
  147  11:14  Photon Cannon  
  147  11:17  Photon Cannon  
  147  11:19  Shield Battery  
  147  11:20  Probe, Photon Cannon  
  147  11:24  High Templar x2  
  152  11:25  High Templar x2  
  152  11:27  Zealot x3  
  152  11:28  Zealot x4  
  152  11:30  Archon x2  
  170  11:39  Fleet Beacon  
  170  11:41  Protoss Ground Weapons Level 3 (Chrono Boost)  
  170  11:50  Warp Prism (Chrono Boost)  
  172  12:09  High Templar x2  
  172  12:10  Zealot x6  
  172  12:11  Zealot x3  
  172  12:13  Archon  
  195  12:23  Observer (Chrono Boost)  
  195  12:37  Immortal  
  199  12:47  Stargate  
  199  12:50  Stargate  
  199  13:08  Nexus  
  167  13:37  Warp Prism (Chrono Boost)  
  153  14:05  High Templar x2  
  153  14:06  Observer, High Templar x2  
  153  14:07  High Templar x2  
  153  14:08  High Templar x2  
  153  14:09  High Templar x2  
  168  14:10  Zealot  
  166  14:18  Archon x4  
  166  14:19  Archon  
  154  14:48  Zealot x4  
  154  14:49  Zealot x4  
  154  14:50  Zealot x2  
  138  15:16  Zealot x6  
  138  15:17  Zealot x5  
  142  15:44  High Templar x5  
  142  15:45  High Templar x5  
  142  15:48  Archon x2  
  142  15:49  Archon x2  
  162  15:50  Archon  
  162  15:59  Zealot  
Show
View Real Time Build Order
Export as new Build Order

BoÔn Terran 

Build Orders: 2 Factory, Mech 

Get SALT Encoding   

  12  0:01  SCV  
  13  0:20  SCV  
  14  0:28  Supply Depot  
  14  0:32  SCV, Refinery  
  15  0:49  SCV  
  16  0:51  Barracks  
  16  1:02  SCV  
  17  1:07  Supply Depot  
  17  1:16  Refinery  
  17  1:21  SCV  
  18  1:39  Factory  
  18  1:44  SCV  
  19  1:56  Barracks Reactor, SCV  
  20  2:08  SCV  
  21  2:20  SCV  
  22  2:24  Factory Tech Lab  
  22  2:31  Factory  
  22  2:33  Orbital Command  
  22  2:40  Marine x2  
  24  2:45  Siege Tank  
  27  2:59  Marine  
  27  3:00  Marine  
  27  3:04  SCV  
  30  3:16  SCV  
  30  3:17  Factory Tech Lab  
  30  3:19  Supply Depot  
  31  3:22  Supply Depot  
  31  3:41  Siege Tank  
  34  3:44  Hellion  
  34  3:47  Infernal Pre-Igniter  
  36  4:00  Marine x2  
  38  4:04  SCV  
  38  4:06  Hellion  
  41  4:30  Siege Tank x2  
  47  4:46  Armory  
  47  5:03  Engineering Bay  
  47  5:05  Supply Depot  
  47  5:07  Supply Depot  
  47  5:26  Marine x2  
  49  5:31  Terran Infantry Weapons Level 1  
  49  5:38  Cyclone x2  
  49  5:40  Missile Turret  
  55  5:44  Marine x2  
  57  5:51  Command Center  
  57  6:02  Marine x2  
  59  6:04  Terran Vehicle Weapons Level 1  
  59  6:10  Widow Mine x2  
  63  6:14  Barracks  
  63  6:35  Supply Depot  
  63  6:37  Supply Depot  
  63  6:56  Marine x2  
  63  7:00  Cyclone x2  
  71  7:02  Mag-Field Accelerator  
  71  7:25  Barracks Tech Lab  
  71  7:26  Marine x2  
  73  7:31  Thor  
  79  7:58  Marine x3  
  82  8:06  Hellbat  
  84  8:38  Planetary Fortress  
  84  8:44  Marine x3  
  84  8:46  Stimpack  
  87  8:49  Hellion x2  
  87  8:51  Terran Vehicle And Ship Armor Level 1  
  91  8:57  Armory  
  91  9:01  SCV  
  92  9:14  SCV  
  93  9:21  Marine  
  94  9:30  Supply Depot  
  94  9:31  Supply Depot  
  94  9:51  Marine x2, SCV  
  65  10:11  Marine x3  
  65  10:13  Thor x2  
  80  10:24  Refinery  
  80  10:25  Refinery  
  80  10:44  Terran Vehicle Weapons Level 2  
  80  10:45  Marine  
  80  10:48  Marine  
  82  10:56  Command Center  
  82  11:08  Marine x3  
  85  11:18  Thor  
  91  11:35  Marine x3  
  91  11:38  SCV  
  95  11:50  SCV  
  95  11:52  Marine  
  97  11:56  Marine  
  97  11:57  Marine  
  99  12:05  Cyclone  
  99  12:08  Cyclone  
  105  12:37  Thor  
  105  12:40  Marine x3, Thor  
  105  12:43  Terran Infantry Armor Level 1  
  120  12:45  SCV  
  121  12:57  SCV, Terran Vehicle And Ship Armor Level 2  
  122  13:00  Factory  
  122  13:03  Marine x3  
  125  13:23  Supply Depot  
  125  13:25  Supply Depot  
  125  13:27  Orbital Command  
  125  13:45  Factory Tech Lab  
  125  13:50  Siege Tank x2  
  99  14:58  Thor x3  
  69  15:21  Marine x3  
  44  15:49  Thor x2  
  50  15:50  Thor  
Show
View Real Time Build Order
Export as new Build Order

ColBurton Zerg 

Build Orders: Hatch First 

Get SALT Encoding   

  12  0:01  Drone  
  13  0:08  Drone  
  14  0:14  Extractor  
  14  0:15  Drone  
  14  0:26  Overlord  
  14  0:50  Hatchery  
  14  0:53  Drone  
  14  0:57  Drone  
  14  1:01  Drone  
  16  1:23  Spawning Pool  
  15  1:28  Drone  
  15  1:32  Drone  
  17  1:37  Drone  
  18  1:46  Drone  
  19  2:03  Drone  
  19  2:06  Drone x2  
  22  2:11  Lair  
  22  2:16  Drone  
  22  2:18  Drone  
  24  2:28  Drone x2  
  26  2:37  Extractor  
  25  2:43  Drone  
  26  2:44  Drone  
  26  2:48  Drone  
  26  2:49  Extractor  
  26  2:50  Overlord  
  27  3:00  Drone  
  28  3:10  Hydralisk Den  
  27  3:13  Evolution Chamber  
  27  3:20  Drone x2  
  28  3:30  Drone x3  
  28  3:34  Queen  
  28  3:55  Drone, Hydralisk x2  
  29  4:15  Hydralisk  
  32  4:24  Drone x3  
  34  4:33  Hatchery  
  34  4:35  Grooved Spines  
  30  4:42  Zerg Missile Weapons Level 1  
  30  4:47  Spore Crawler  
  30  4:48  Drone x2  
  30  4:49  Drone  
  32  4:57  Drone x3  
  35  5:12  Overlord x2, Drone  
  36  5:31  Hydralisk x4  
  36  5:34  Drone  
  45  5:39  Drone x2  
  47  5:48  Muscular Augments  
  48  5:50  Drone x2  
  48  5:51  Drone  
  48  5:54  Drone  
  51  6:01  Queen  
  53  6:04  Drone  
  53  6:07  Drone  
  53  6:08  Drone  
  53  6:09  Drone  
  57  6:19  Overlord  
  57  6:34  Queen  
  57  6:35  Roach Warren  
  57  6:37  Zerg Ground Armor Level 1  
  57  6:39  Hydralisk x3  
  64  6:55  Spore Crawler  
  63  7:02  Spire  
  63  7:04  Drone x3  
  63  7:06  Drone  
  66  7:09  Overlord x3, Extractor  
  65  7:21  Drone  
  70  7:30  Roach x8  
  70  7:33  Glial Reconstitution  
  82  7:41  Evolution Chamber  
  82  7:43  Drone x2  
  83  7:47  Drone x3, Extractor  
  83  7:48  Drone  
  86  7:55  Drone x4  
  86  7:58  Overlord  
  90  8:01  Overlord  
  90  8:17  Zerg Flyer Weapons Level 1  
  90  8:18  Mutalisk x4  
  98  8:21  Overlord  
  98  8:44  Mutalisk x2  
  102  8:56  Extractor  
  102  8:57  Drone x3  
  102  8:58  Drone x2  
  102  9:00  Mutalisk x2  
  110  9:06  Zerg Missile Weapons Level 2  
  110  9:14  Metabolic Boost  
  110  9:18  Zergling x8  
  110  9:20  Overlord x3  
  110  9:21  Overlord  
  114  9:40  Hatchery  
  114  9:44  Zergling x10  
  114  9:45  Zergling x14  
  124  9:50  Mutalisk x3  
  127  10:08  Hydralisk x7  
  127  10:09  Hydralisk  
  143  10:38  Mutalisk  
  143  10:41  Overlord x2  
  143  10:42  Overlord x2  
  145  10:49  Zerg Ground Armor Level 2  
  145  10:52  Drone x7  
  152  11:02  Mutalisk x3  
  152  11:03  Mutalisk  
  160  11:06  Mutalisk  
  162  11:17  Drone x2  
  162  11:18  Drone  
  164  12:01  Roach  
  164  12:02  Roach x8  
  164  12:03  Roach  
  164  12:06  Overlord x4  
  164  12:07  Overlord  
  184  12:11  Extractor x2  
  182  12:21  Zerg Flyer Weapons Level 2  
  182  12:22  Infestation Pit  
  181  12:30  Zerg Melee Weapons Level 1  
  181  12:43  Overseer x3  
  181  13:00  Hive  
  128  13:33  Hydralisk x3  
  128  13:34  Hydralisk x8  
  104  13:35  Hydralisk x8  
  104  13:36  Hydralisk x2  
  130  14:02  Roach x5  
  126  14:03  Roach x7  
  126  14:04  Roach  
  138  14:19  Mutalisk x3  
  118  14:36  Zergling x2  
  118  14:37  Zergling x16  
  118  14:38  Zergling x6, Zerg Flyer Armor Level 1  
  122  14:56  Corruptor x6  
  122  14:57  Corruptor  
  118  15:18  Hydralisk x7  
  92  15:28  Zergling x4  
  92  15:29  Zergling x6  
  97  15:51  Hydralisk x8  
Tags
 
Add a new tag
Caveats
  • Supply blocks, unpowered buildings, or Contaminate may cause inaccurate times.
  • Supply counts are checked every 10 seconds.